 Dungeon Crawl Stone Soup version 0.31-a0-875-g02e7d12df6 (webtiles) character file.

Game seed: 14013824495322898203

241 Fodor the Covered (level 5, 0/47 HPs)
             Began as a Minotaur Fighter on Oct 12, 2023.
             Succumbed to a kobold brigand's poison
             ... on level 3 of the Dungeon.
             The game lasted 00:16:36 (2577 turns).

Fodor the Covered (Minotaur Fighter)                Turns: 2577, Time: 00:16:37

Health: 0/47       AC: 12    Str: 22    XL:     5   Next: 80%
Magic:  4/4        EV:  6    Int:  5    God:
Gold:   148        SH:  4    Dex: 10    Spells: 4/4 levels left

rFire   . . .        o - +0 trident (protect)
rCold   . . .        c - +0 buckler
rNeg    . . .        j - +0 plate armour
rPois   .            (helmet currently unavailable)
rElec   .            (cloak currently unavailable)
rCorr   .            (gloves currently unavailable)
SInv    .            (boots currently unavailable)
Will    .....        (no amulet) Stlth
                     (no ring)
HPRegen 0.27/turn    (no ring)
MPRegen 0.09/turn

%: no passive effects
@: lethally poisoned (0 -> -7), beast-form
A: beast (slay +0), horns 2, retaliatory headbutt
a: Begin Untransformation


You were on level 3 of the Dungeon.
You were a hulking beast.
You visited 1 branch of the dungeon, and saw 3 of its levels.

You collected 148 gold pieces.

Inventory:

Hand Weapons
 o - a +0 trident of protection (weapon)
Missiles
 g - 5 boomerangs (quivered)
 s - 2 poisoned darts
Armour
 c - a +0 buckler (worn)
 j - a +0 plate armour (worn)
Jewellery
 a - a ring of fire
Talismans
 e - a beast talisman (active)
Scrolls
 b - a scroll of enchant armour {unknown}
 f - 3 scrolls of vulnerability {unknown}
 k - 2 scrolls of identify {unknown}
 m - a scroll of immolation {unknown}
 n - a scroll of teleportation {unknown}
 p - a scroll of amnesia {unknown}
 r - a scroll of fog {unknown}
Potions
 d - a potion of might
 h - 3 potions of curing {unknown}
 i - a potion of berserk rage {unknown}
 l - a potion of brilliance {unknown}
 q - a potion of attraction {unknown}
 t - a potion of heal wounds {unknown}


   Skills:
 + Level 4.7 Fighting
 + Level 3.9 Long Blades
 + Level 2.0 Polearms
 + Level 0.6 Throwing
 + Level 4.7 Armour
 + Level 1.0 Dodging
 + Level 4.1 Shields
 + Level 1.2 Shapeshifting


You had 4 spell levels left.
You didn't know any spells.
Your spell library was empty.

Dungeon Overview and Level Annotations

Branches:
Dungeon (3/15)

Altars:
Ashenzari
Uskayaw

Shops:
D:1 (


Innate Abilities, Weirdness & Mutations

You are a hulking beast.
Your limbs bulge with bestial killing power. (Slay +0)
You have a pair of horns on your head.
You reflexively headbutt those who attack you in melee.


Message History

Found a scroll labelled NEMNIU HEUSESOCY.
You feel very sick.
The jackal barks!
An orc comes into view. It is wielding a +0 falchion.
You feel very sick.
The kobold brigand throws a poisoned dart.
The poisoned dart hits you!
You are more poisoned.
A gnoll comes into view. It is wielding a +0 halberd.
A gnoll comes into view. It is wielding a +0 club.
You feel very sick.
The gnoll shouts!
The kobold brigand throws a poisoned dart.
The poisoned dart barely misses you. You block the jackal's attack.
You feel very sick. The jackal bites you. The gnoll barely misses you.
You feel very sick. You block the jackal's attack.
The kobold brigand throws a poisoned dart.
The poisoned dart hits you.
You are lethally poisoned!
The gnoll hits you with a +0 halberd.
* * * LOW HITPOINT WARNING * * *
The jackal bites you but does no damage.
Unknown command.
* * * LOW HITPOINT WARNING * * *
You feel very sick.
The gnoll hits you from afar with a +0 halberd.
* * * LOW HITPOINT WARNING * * *
* * * LOW HITPOINT WARNING * * *
You feel very sick. The jackal attacks as it pursues you!
You block the jackal's attack. The jackal attacks as it pursues you!
The jackal bites you but does no damage.
Unknown command.
* * * LOW HITPOINT WARNING * * *
You feel very sick. The jackal attacks as it pursues you!
The jackal bites you but does no damage. x2
You die...

'....' #.~≈~. #....# #.≈≈≈.
#....# #+###≈≈.
####''''#############...#≈~P
....................#go.#≈~.
~~≈~....~~~≈~~≈~~~~≈#####≈~.
≈≈≈~....~≈≈≈≈≈≈≈≈≈≈≈≈≈≈≈≈≈≈.
~~~~...oKh~~~~~~~~~~~~~~~~~.
.....g..gh.h...)†...........
#.####.#########.###########
. ... #.# ..... #.# ..♣♣♣..
..# . ♣.. #.# ♣?. #.# ...
#.#


You could see a kobold brigand, 2 gnolls, an orc and 2 jackals.

Vanquished Creatures
  A howler monkey (D:3)
  An orc priest (D:3)
  An orc wizard (D:3)
  Natasha (twice) (D:2)
  A worm (D:2)
  3 dart slugs
  8 orcs (D:3)
  7 ball pythons
  3 endoplasms
  2 giant cockroaches
  9 goblins
  3 hobgoblins
  11 jackals (D:3)
  4 quokkas
  9 bats
  5 frilled lizards
  8 kobolds
  2 rats
80 creatures vanquished.

Notes
Turn   | Place    | Note
-------+----------+-------------------------------------------
     0 | D:1      | Fodor the Minotaur Fighter began the quest for the Orb.
     0 | D:1      | Reached XP level 1. HP: 19/19 MP: 0/0
    99 | D:1      | Reached XP level 2. HP: 27/27 MP: 1/1
   201 | D:1      | Found Uhutiec's Antique Weapon Emporium.
   336 | D:1      | You fall into a shaft and drop 1 floor!
   440 | D:2      | Found a hide-covered altar of Uskayaw.
   453 | D:2      | Found a faded altar of an unknown god.
   509 | D:2      | Reached XP level 3. HP: 33/33 MP: 2/2
  1033 | D:2      | Noticed Natasha
  1041 | D:2      | Killed Natasha
  1050 | D:2      | Reached XP level 4. HP: 21/40 MP: 3/3
  1214 | D:2      | Noticed Natasha
  1220 | D:2      | Killed Natasha
  1221 | D:2      | Reached skill level 1 in Dodging
  1831 | D:3      | Reached skill level 1 in Shapeshifting
  1831 | D:3      | Reached XP level 5. HP: 38/47 MP: 4/4
  1980 | D:3      | Found a broken altar of Ashenzari.
  2112 | D:3      | Reached skill level 1 in Polearms
  2576 | D:3      | HP: 2/47 [poisoned by a kobold brigand]
  2577 | D:3      | Succumbed to a kobold brigand's poison

Illustrated notes

Levels and vault maps discovered:
D:1:      amcnicky_arrival_wind_blow, layout_loops_cross, serial_shops,
          nicolae_shop_rolling_square, minmay_misc_feat_encased
D:2:      layout_basic, ebering_ecumenical_altar_sacrificial, basic_altar,
          palyth_stone_intersect, patterned_corridor, uniq_natasha
D:3:      lemuel_castle_with_subvaults [lemuel_castle_interior_carwin_3],
          layout_loops_ring, nicolae_ashenzari_skybound, kennysheep_boxes

Skill      XL: |  1  2  3  4  5 |
---------------+----------------+-----
Fighting       | 4 |  4.7
Armour         | 4 |  4.7
Long Blades    | 3 |  3.9
Dodging        | 1 |  1.0
Shields        | 4 |  4.1
Shapeshifting  | 1 |  1.2
Polearms       | 2 |  2.0
Throwing       | |  0.6

Action                     |  1- 3 |  4- 6 || total
---------------------------+-------+-------++-------
  Melee: Long sword        |    97 |    11 ||   108
         Headbutt          |    11 |    15 ||    26
         Trident           |       |    83 ||    83
  Throw: Boomerang         |       |     7 ||     7
 Armour: Scale mail        |    50 |       ||    50
         Plate armour      |    34 |   128 ||   162
  Dodge: Dodged            |    42 |    36 ||    78
  Block: Buckler           |    28 |    36 ||    64
   Form: Beast             |     1 |       ||     1

Table legend: (Time is in decaauts)
 A = Elapsed time spent in this place.
 B = Non-inter-level travel time spent in this place.
 C = Inter-level travel time spent in this place.
 D = Time resting spent in this place.
 E = Time spent auto-exploring this place.
 F = Levels seen in this place.
 G = Mean time per level.
                   A        B        C        D        E       F      G
               +--------+--------+--------+--------+--------+-----+--------+
         Total |   2651 |   2508 |    143 |    183 |      0 |   3 |  883.7 |
       Dungeon |   2651 |   2508 |    143 |    183 |      0 |   3 |  883.7 |
               +--------+--------+--------+--------+--------+-----+--------+

Top non-repeatable levels by time:
     D:2: 1017 daAuts
     D:1: 819 daAuts
     D:3: 813 daAuts
